 Dungeon Crawl Stone Soup version 0.20.1-1-g8b1a95d (webtiles) character file.

9752 Timinator the Grappler (level 11, -4/109 HPs)
             Began as a Troll Monk on Nov 5, 2017.
             Was a High Priest of Okawaru.
             Slain by a wraith (12 damage)
             ... on level 11 of the Dungeon.
             The game lasted 00:12:42 (9565 turns).

Timinator the Grappler (Troll Monk)                 Turns: 9565, Time: 00:12:42

Health: -4/109     AC:  6    Str: 21    XL:     11   Next: 27%
Magic:  11/12      EV: 17    Int:  7    God:    Okawaru [*****.]
Gold:   475        SH:  0    Dex: 14    Spells: 10/10 levels left

rFire    . . .     SeeInvis +     - Unarmed
rCold    . . .     Gourm    +   (no shield)
rNeg     + . .     Faith    .   s - +1 robe of Forking Paths {+Inv rN+}
rPois    .         Spirit   .   (helmet restricted)
rElec    .         Reflect  .   (no cloak)
rCorr    .         Harm     .   (gloves unavailable)
MR       .....                  (boots unavailable)
Stlth    ++++......             (no amulet)
Regen    0.7/turn               p - ring of see invisible
MPRegen  0.2/turn               g - ring of stealth

@: heroism, very slightly contaminated, slowed, invisible, very slow
A: unfitting armour, claws 3, fast metabolism 3, gourmand, regeneration 1,
shaggy fur 1, tough skin 2
a: Heroism, Finesse, Renounce Religion


You were on level 11 of the Dungeon.
You worshipped Okawaru.
Okawaru was extremely pleased with you.
You were near starving.

You visited 2 branches of the dungeon, and saw 12 of its levels.

You collected 640 gold pieces.
You spent 165 gold pieces at shops.

Inventory:

Armour
 s - the +1 robe of Forking Paths (worn) {+Inv rN+}
   (You bought it in a shop on level 5 of the Dungeon)

   It protects you from negative energy.
   It lets you turn invisible.
 A - the scarf "Cabol" {-Tele rElec rPois Int+6}
   (Okawaru gifted it to you on level 10 of the Dungeon)

   It affects your intelligence (+6).
   It insulates you from electricity.
   It protects you from poison.
   It prevents most forms of teleportation.
Jewellery
 g - a ring of stealth (right claw)
 p - a ring of see invisible (left claw)
Wands
 j - a wand of iceblast (0/15)
 q - a wand of paralysis (10/24)
 r - a wand of lightning (5/15)
 y - a wand of iceblast (0/15)
 E - a wand of disintegration (5/24)
 F - a wand of confusion (12/48)
Scrolls
 d - a scroll of enchant armour
 f - 2 scrolls of recharging {unknown}
 h - 8 scrolls of identify
 k - 5 scrolls of teleportation
 u - a scroll of random uselessness {unknown}
 v - a scroll of torment {unknown}
 x - a scroll of fog {unknown}
 z - a scroll of blinking {unknown}
 B - a scroll of magic mapping
 C - a scroll of remove curse
 D - a scroll of enchant weapon
Potions
 a - a potion of invisibility
 e - 2 potions of flight
 i - a potion of brilliance {unknown}
 o - a potion of heal wounds {unknown}
 t - 3 potions of curing
 w - a potion of berserk rage {unknown}
Comestibles
 b - 9 bread rations
 l - 6 fruits
 m - 8 royal jellies
 n - 3 meat rations


   Skills:
 + Level 7.4(12.4) Fighting
 + Level 7.4(12.4) Dodging
 - Level 1.0(6.0) Stealth
 * Level 12.0(17.0) Unarmed Combat
 + Level 3.7 Invocations
 + Level 3.3 Evocations


You had 10 spell levels left.
You didn't know any spells.

Dungeon Overview and Level Annotations

Branches:
Dungeon (11/15)            Temple (1/1) D:6            Lair (0/6) D:8
    Orc: D:9-12

Altars:
Ashenzari
Cheibriados
Dithmenos
Elyvilon
Fedhas
Gozag
Hepliaklqana
Kikubaaqudgha
Nemelex Xobeh
Okawaru
Qazlal
Ru
Sif Muna
Trog
Uskayaw
Vehumet
Xom
Yredelemnul
Zin
The Shining One

Shops:
D:4 }:(?(   D:5 [   D:10 ?*


Innate Abilities, Weirdness & Mutations

You are too large for most types of armour.
You have claws for hands.
Your metabolism is lightning-fast.
You like to eat raw meat.
Your natural rate of healing is unusually fast.
You are covered in fur. (AC +1)
You have very tough skin. (AC +2)


Message History

* * * LOW HITPOINT WARNING * * *
The wraith drains your vigour!
You feel as though you will be slow longer.
Unknown command.
You closely miss the wraith.
The wraith is moderately damaged.
The wraith closely misses you.
Unknown command.
It was a potion of invisibility.
You fade into invisibility!
The wraith hits you!
* * * LOW HITPOINT WARNING * * *
The wraith closely misses you.
You are very lightly contaminated with residual magic.
Unknown command.
Okay, then.
As you read the scroll of fear, it crumbles to dust.
You assume a fearsome visage.
The wraith is unaffected.
The wraith misses you. The wraith hits you!
You die...

.....#...#..###.####..
.....#...##..#..# ##.
# #........# #....# ##
.## #..##....###.##..#
# ... #..#
#...##.####.# #.##..#
##.....# #.# #
#....###.>###.# ..# #
#....##..## #.# .....
#.[..W@..# #.. .##..
#.†####......... #.##
#... #.####..... #.. #
#.... #.# #........
...... ..# #.#####
....#.. ..# # ....#..
.#.. $.. ... ##.


You could see a wraith.

Vanquished Creatures
  Fannar (D:10)
  A two-headed ogre (D:10)
  The ghost of Timinator the Grappler, a novice TrMo of Okawaru (D:7)
  Pikel (D:9)
  2 ugly things (D:11)
  A troll (D:9)
  Grinder (D:5)
  2 hippogriffs
  A wraith (D:10)
  A wyvern (D:9)
  A human (D:7)
  2 hogs (D:7)
  2 water moccasins
  5 orc warriors
  2 ice beasts
  3 black bears
  A necrophage (D:5)
  5 sky beasts
  A phantom (D:8)
  4 ogres
  6 centaurs
  11 bullfrogs
  2 scorpions
  9 killer bees (D:9)
  A wight (D:9)
  A howler monkey (D:3)
  4 crimson imps
  A centaur zombie (D:7)
  3 hounds
  A jelly (D:9)
  Crazy Yiuf (D:2)
  7 orc priests
  8 orc wizards
  An iguana (D:8)
  4 worker ants
  Ijyb (D:5)
  A killer bee zombie (D:6)
  The ghost of Irenicus the Chiller, a weakling DgIE (D:3)
  2 hound skeletons
  A worker ant zombie (D:5)
  6 gnolls
  5 adders
  3 shadow imps
  An ooze (D:3)
  An adder zombie (D:9)
  2 adder skeletons
  2 dart slugs
  3 leopard geckos
  64 orcs
  5 bats
  5 giant cockroaches
  11 goblins
  6 hobgoblins
  15 jackals
  9 kobolds
  A quokka (D:2)
  3 ball pythons
  4 frilled lizards
  A leopard gecko skeleton (D:5)
  A leopard gecko zombie (D:5)
  18 rats
270 creatures vanquished.

Vanquished Creatures (others)
  2 slaves (D:9)
  A crimson imp (D:9)
  A worker ant (D:9)
  An adder (D:9)
5 creatures vanquished.

Grand Total: 275 creatures vanquished

Notes
Turn   | Place    | Note
-------+----------+-------------------------------------------
     0 | D:1      | Timinator the Troll Monk began the quest for the Orb.
     0 | D:1      | Reached XP level 1. HP: 22/22 MP: 0/0
   127 | D:1      | Reached XP level 2. HP: 29/29 MP: 1/1
   397 | D:1      | Reached XP level 3. HP: 29/36 MP: 2/2
   917 | D:2      | Found a glowing silver altar of Zin.
  1303 | D:2      | Reached skill level 4 in Unarmed Combat
  1481 | D:2      | Found a runed door.
  1487 | D:2      | Noticed Crazy Yiuf
  1498 | D:2      | Killed Crazy Yiuf
  1498 | D:2      | Reached XP level 4. HP: 33/44 MP: 3/3
  1826 | D:3      | Noticed Irenicus's ghost (weakling DgIE)
  1856 | D:3      | Reached XP level 5. HP: 48/53 MP: 4/4
  1872 | D:3      | Killed Irenicus's ghost
  2200 | D:4      | Found Qamom's Gadget Boutique.
  2202 | D:4      | Found a shadowy altar of Dithmenos.
  2244 | D:4      | Found Jolyhyby's Magic Scroll Shoppe.
  2348 | D:4      | Found Peduyc's Weapon Shop.
  2351 | D:4      | Found Qoatir's Weapon Emporium.
  2360 | D:4      | Reached skill level 5 in Unarmed Combat
  2373 | D:4      | Reached XP level 6. HP: 27/61 MP: 5/5
  2493 | D:4      | Found Fizoc's Book Shoppe.
  2542 | D:4      | Found a blossoming altar of Fedhas.
  3067 | D:5      | Entered Level 5 of the Dungeon
  3112 | D:5      | Reached skill level 6 in Unarmed Combat
  3112 | D:5      | Reached XP level 7. HP: 68/68 MP: 6/6
  3190 | D:5      | Noticed Ijyb
  3207 | D:5      | Killed Ijyb
  3561 | D:5      | Noticed Grinder
  3573 | D:5      | Killed Grinder
  3573 | D:5      | Reached skill level 7 in Unarmed Combat
  3649 | D:5      | Found Dayhiph's Antique Armour Shoppe.
  3652 | D:5      | Bought a faintly glowing robe for 165 gold pieces
  3662 | D:5      | Identified the +1 robe of Forking Paths {+Inv rN+} (You bought it in a shop on level 5 of the Dungeon)
  3783 | D:6      | Reached XP level 8. HP: 79/79 MP: 7/7
  3790 | D:6      | Found a staircase to the Ecumenical Temple.
  3807 | Temple   | Entered the Ecumenical Temple
  3962 | Temple   | Became a worshipper of Warmaster Okawaru
  3962 | Temple   | Reached * piety under Okawaru
  3962 | Temple   | Reached ** piety under Okawaru
  4118 | D:6      | Found a hide-covered altar of Uskayaw.
  4278 | D:7      | Reached skill level 5 in Fighting
  4464 | D:7      | Noticed Timinator's ghost (novice TrMo)
  4467 | D:7      | Reached skill level 5 in Dodging
  4467 | D:7      | Reached skill level 8 in Unarmed Combat
  4489 | D:7      | Killed Timinator's ghost
  4489 | D:7      | Reached *** piety under Okawaru
  4489 | D:7      | Reached skill level 9 in Unarmed Combat
  4489 | D:7      | Reached XP level 9. HP: 72/88 MP: 6/8
  4753 | D:7      | Found a glowing golden altar of the Shining One.
  5314 | D:7      | Found an opulent altar of Gozag.
  5403 | D:7      | Reached **** piety under Okawaru
  5403 | D:7      | Reached skill level 10 in Unarmed Combat
  5759 | D:8      | Found a staircase to the Lair.
  6312 | D:8      | Reached XP level 10. HP: 59/100 MP: 9/9
  6627 | D:9      | Reached skill level 1 in Evocations
  6667 | D:9      | Reached skill level 1 in Invocations
  6775 | D:9      | Reached ***** piety under Okawaru
  7470 | D:9      | Reached skill level 11 in Unarmed Combat
  7491 | D:9      | Noticed Pikel
  7506 | D:9      | Killed Pikel
  7541 | D:9      | Received a gift from Okawaru
  7888 | D:9      | Found a deep blue altar of Sif Muna.
  8424 | D:10     | Entered Level 10 of the Dungeon
  8465 | D:10     | Found Oreemias's Magic Scroll Emporium.
  8533 | D:10     | Noticed Fannar
  8550 | D:10     | Killed Fannar
  8550 | D:10     | Received a gift from Okawaru
  8666 | D:10     | Got a crude scarf {god gift}
  8672 | D:10     | Identified the scarf "Cabol" {-Tele rElec rPois Int+6} (Okawaru gifted it to you on level 10 of the Dungeon)
  8757 | D:10     | Reached XP level 11. HP: 103/109 MP: 12/12
  8830 | D:10     | Noticed a two-headed ogre
  8836 | D:10     | Killed a two-headed ogre
  8941 | D:10     | Found Myutav's Serpentskin Sales.
  9221 | D:11     | Noticed a green ugly thing
  9228 | D:11     | Killed a green ugly thing
  9541 | D:11     | Noticed a red ugly thing
  9547 | D:11     | Killed a red ugly thing
  9554 | D:11     | Reached skill level 12 in Unarmed Combat
  9565 | D:11     | Slain by a wraith

Skill      XL: |  1  2  3  4  5  6  7  8  9 10 11 |
---------------+----------------------------------+-----
Dodging        | 3 4 5 6 7 |  7.4
Unarmed Combat | 4 5 6 7 9 10 11 12 | 12.0
Fighting       | 3 4 5 6 7 |  7.4
Evocations     | 2 3 |  3.3
Invocations    | 3 |  3.7
Stealth        | |  1.0

Action                   |  1- 3 |  4- 6 |  7- 9 | 10-12 || total
-------------------------+-------+-------+-------+-------++-------
Melee: Unarmed           |   132 |   203 |   238 |   271 ||   844
       Punch             |       |     1 |     8 |    10 ||    19
Invok: Heroism           |       |       |     3 |     6 ||     9
 Abil: Evoke Invisibilit |       |       |       |     3 ||     3
Evoke: Wand              |       |       |     2 |     3 ||     5
  Use: Potion            |     2 |     1 |       |     2 ||     5
       Scroll            |       |     6 |     3 |     1 ||    10
 Stab: Sleeping          |     1 |     1 |    12 |     7 ||    21
       Distracted        |       |     1 |       |       ||     1
       Invisible         |       |       |       |     7 ||     7
  Eat: Chunk             |    12 |    22 |    20 |    25 ||    79
       Bread ration      |       |       |       |     1 ||     1
Armor: Robe              |    47 |    69 |    45 |    39 ||   200
Dodge: Dodged            |    70 |   121 |   120 |   167 ||   478
